 Dungeon Crawl Stone Soup version 0.30.0-29-ga12c61a403 (webtiles) character file.

Game seed: 14698121994852830185

513 Fecro the Covert (level 7, 0/35 HPs)
             Began as a Spriggan Brigand on June 21, 2023.
             Slain by a killer bee (3 damage)
             ... on level 4 of the Dungeon.
             The game lasted 00:10:21 (4094 turns).

Fecro the Covert (Spriggan Brigand)                 Turns: 4094, Time: 00:10:22

Health: 0/35       AC:  5    Str:  7    XL:     7   Next: 0%
Magic:  8/8        EV: 17    Int: 12    God:
Gold:   265        SH:  0    Dex: 19    Spells: 6/6 levels left

rFire   . . .        a - +2 dagger
rCold   . . .        (no shield)
rNeg    . . .        b - +0 robe
rPois   .            (helmet restricted)
rElec   .            c - +0 cloak
rCorr   .            (gloves unavailable)
SInv    +            (boots unavailable)
Will    +....        (no amulet)
Stlth   +++++        (no ring)
HPRegen 0.25/turn    (no ring)
MPRegen 0.11/turn

%: no passive effects
@: lethally poisoned (0 -> -8), very quick
A: very small, no large weapons, unfitting armour, see invisible, speed 3,
iridescent scales 1
a: no special abilities


You were on level 4 of the Dungeon.
You visited 1 branch of the dungeon, and saw 5 of its levels.

You collected 265 gold pieces.

Inventory:

Hand Weapons
 a - a +2 dagger (weapon)
Missiles
 d - 16 poisoned darts (quivered)
 e - 3 curare-tipped darts
 g - 41 stones
Armour
 b - a +0 robe (worn)
 c - a +0 cloak (worn)
Scrolls
 f - 9 scrolls of identify {unknown}
 h - a scroll of enchant weapon {unknown}
 i - a scroll of fog {unknown}
 j - 2 scrolls of poison {unknown}
 k - a scroll of amnesia {unknown}
 l - 2 scrolls of teleportation {unknown}
 p - a scroll of silence {unknown}
Potions
 m - a potion of mutation
 n - a potion of haste {unknown}
 o - a potion of berserk rage {unknown}
 q - a potion of invisibility {unknown}
 r - 2 potions of curing {unknown}


   Skills:
 + Level 2.2 Fighting
 + Level 3.4 Short Blades
 * Level 3.6 Throwing
 + Level 2.4 Dodging
 * Level 10.5 Stealth


You had 6 spell levels left.
You didn't know any spells.
Your spell library contained the following spells:

 Spells                   Type           Power      Damage    Failure   Level
 Blink                    Tloc           0%         N/A       45%         2
 Lesser Beckoning         Tloc           0%         N/A       45%         2
 Momentum Strike          Conj/Tloc      0%         3d8       45%         2
 Poisonous Vapours        Pois/Air       0%         N/A       45%         2
 Sublimation of Blood     Necr           0%         N/A       45%         2
 Wereblood                Tmut           0%         N/A       45%         2
 Mephitic Cloud           Conj/Pois/Air  0%         N/A       69%         3
 Freezing Cloud           Conj/Ice/Air   0%         6-21      100%        5
 Summon Hydra             Summ           0%         N/A       100%        7


Dungeon Overview and Level Annotations

Branches:
Dungeon (5/15)
 Temple: D:4-7

Altars:
Qazlal

Annotations:
D:4 3 runed translucent doors, monsoonserge's ghost, amateur MfGl


Innate Abilities, Weirdness & Mutations

You are very small and have problems with some larger weapons.
You are too small for most types of armour.
You have supernaturally acute eyesight. (SInv)
You cover ground extremely quickly. (Speed+++)
You are partially covered in iridescent scales. (AC +2)


Message History

The killer bee barely misses you. The killer bee stings you.
You are poisoned.
The killer bee poisons you!
You miss the killer bee.
The killer bee is lightly wounded.
You feel sick. The killer bee closely misses you. The killer bee stings you.
You are more poisoned.
The killer bee poisons you!
You hit the killer bee.
The killer bee is moderately wounded.
You feel very sick. The killer bee barely misses you.
You hit the killer bee.
The killer bee is moderately wounded.
You feel very sick. The killer bee closely misses you.
The killer bee barely misses you.
You closely miss the killer bee.
The killer bee is moderately wounded.
You feel sick. The killer bee barely misses you. x2
You are too injured to fight recklessly!
You are too injured to fight recklessly!
You miss the killer bee.
The killer bee is moderately wounded.
You feel sick. The killer bee barely misses you.
You miss the killer bee.
The killer bee is moderately wounded.
You feel sick. The killer bee closely misses you.
The killer bee barely misses you.
You hit the killer bee.
The killer bee is heavily wounded.
You feel sick. The killer bee stings you!
* * * LOW HITPOINT WARNING * * *
You are lethally poisoned!
The killer bee poisons you!
The killer bee stings you but does no damage.
It was a potion of mutation.
You feel extremely strange.
Iridescent scales grow over part of your body.
* * * LOW HITPOINT WARNING * * *
You feel sick. The killer bee misses you. The killer bee stings you.
You die...

..#....#....##...†.#
###....#....#########
..#....#....#.......#
..#....#....#.......#
###....##'###.......#
...............)....#
....................#
..........<....y....#
................@...#
#######......###+####
#.....#####'##.....#
#..................#
'..................#
###'######'###.....#
#...>........#.....#
#............#.....#
#............#.....#


You could see a killer bee.

Vanquished Creatures
  An ice beast (D:4)
  A scorpion (D:5)
  3 killer bees (D:5)
  Crazy Yiuf (D:2)
  3 orc wizards (D:3)
  4 gnolls
  2 worms (D:2)
  4 dart slugs
  3 orcs
  9 ball pythons
  6 endoplasms
  6 giant cockroaches
  5 goblins
  11 hobgoblins
  2 jackals (D:1)
  5 quokkas
  3 bats
  3 frilled lizards
  6 kobolds
  6 rats
84 creatures vanquished.

Notes
Turn   | Place    | Note
-------+----------+-------------------------------------------
     0 | D:1      | Fecro the Spriggan Brigand began the quest for the Orb.
     0 | D:1      | Reached XP level 1. HP: 10/10 MP: 2/2
    22 | D:1      | Reached skill level 6 in Stealth
   146 | D:1      | Reached XP level 2. HP: 15/15 MP: 3/3
   372 | D:1      | Reached skill level 7 in Stealth
   410 | D:1      | Reached XP level 3. HP: 18/18 MP: 4/4
  1415 | D:2      | Reached XP level 4. HP: 12/23 MP: 5/5
  1437 | D:2      | Reached skill level 8 in Stealth
  1856 | D:2      | Found a runed translucent door.
  1857 | D:2      | Noticed Crazy Yiuf
  1892 | D:2      | Killed Crazy Yiuf
  2158 | D:3      | Reached XP level 5. HP: 22/26 MP: 6/6
  2435 | D:3      | Found a stormy altar of Qazlal.
  2488 | D:3      | Found a faded altar of an unknown god.
  2665 | D:3      | Reached skill level 9 in Stealth
  3458 | D:4      | Noticed an ice beast
  3462 | D:4      | Killed an ice beast
  3463 | D:4      | Reached XP level 6. HP: 30/30 MP: 7/7
  3711 | D:4      | Found a runed translucent gate.
  3711 | D:4      | Found a runed translucent gate.
  3711 | D:4      | Found a runed translucent gate.
  3714 | D:4      | Noticed monsoonserge's ghost (amateur MfGl)
  4011 | D:5      | Entered Level 5 of the Dungeon
  4014 | D:5      | Reached skill level 10 in Stealth
  4084 | D:5      | Reached XP level 7. HP: 35/35 MP: 8/8
  4094 | D:4      | Gained mutation: You are partially covered in iridescent
                  | scales. (AC +2) [potion of mutation]
  4094 | D:4      | Slain by a killer bee

Illustrated notes

Levels and vault maps discovered:
D:1:      dpeg_arrival_prison, layout_loops_cross, minmay_liquid_box,
          minmay_misc_feat_cross
D:2:      layout_basic, uniq_crazy_yiuf_cottage
D:3:      minmay_door_path, layout_basic, nicolae_qazlal_scattered_showers,
          chequers_ecumenical_altar_island
D:4:      layout_gridville, gammafunk_ghost_nasty_kobolds
D:5:      gammafunk_wand_slinger, layout_loops_ring

Skill      XL: |  1  2  3  4  5  6 |
---------------+-------------------+-----
Stealth        | 6 7 8 9 10 | 10.5
Fighting       | 2 |  2.2
Throwing       | 3 |  3.6
Dodging        | 2 |  2.4
Short Blades   | 3 |  3.4

Action                     |  1- 3 |  4- 6 |  7- 9 || total
---------------------------+-------+-------+-------++-------
  Melee: Dagger            |    82 |   137 |     8 ||   227
         Punch             |       |     2 |       ||     2
  Throw: Dart              |    15 |    16 |       ||    31
    Use: Potion            |       |       |     1 ||     1
   Stab: Sleeping          |    15 |    20 |       ||    35
         Distracted        |     1 |     1 |       ||     2
 Armour: Robe              |     8 |     4 |     1 ||    13
  Dodge: Dodged            |    32 |    70 |    12 ||   114
